 Dungeon Crawl Stone Soup version 0.28-a0-1117-g0bdd5ba030 (webtiles) character file.

Game seed: 17429916998217766210

12339 septik the Severer (level 11, -5/114 HPs)
             Began as a Minotaur Berserker on Dec 11, 2021.
             Was an Elder of Trog.
             Slain by a nine-headed hydra (6 damage)
             ... on level 11 of the Dungeon.
             The game lasted 00:23:04 (10545 turns).

septik the Severer (Minotaur Berserker)            Turns: 10545, Time: 00:23:04

Health: -5/114     AC: 16    Str: 25    XL:     11   Next: 61%
Magic:  10/10      EV:  7    Int:  4    God:    Trog [****..]
Gold:   728        SH:  0    Dex: 11    Spells: 10/10 levels left

rFire   . . .      SeeInvis .   a - +0 hand axe (vamp)
rCold   . . .      Faith    +   (no shield)
rNeg    . . .      Spirit   .   y - +0 plate armour
rPois   .          Reflect  .   (helmet restricted)
rElec   .          Harm     .   x - +0 cloak
rCorr   .          Rampage  .   (no gloves)
Will    .....                   (no boots)
Stlth   ..........              e - amulet of faith
HPRegen 0.29/turn               t - +4 ring of protection
MPRegen 0.12/turn               F - +4 ring of slaying

@: no status effects
A: horns 2, retaliatory headbutt
a: Renounce Religion, Berserk, Trog's Hand, Brothers in Arms


You were on level 11 of the Dungeon.
You worshipped Trog.
Trog was greatly pleased with you.
You visited 1 branch of the dungeon, and saw 11 of its levels.

You collected 728 gold pieces.

Inventory:

Hand Weapons
 a - a +0 vampiric hand axe (weapon)
 b - a +0 hunting sling
 k - a +0 war axe
Missiles
 f - 4 boomerangs (quivered)
 i - 339 stones
 m - 9 curare-tipped darts
 o - 20 poisoned darts
 N - 112 sling bullets
Armour
 x - a +0 cloak (worn)
 y - a +0 plate armour (worn)
Jewellery
 e - an amulet of faith (around neck)
 t - a +4 ring of protection (left hand)
 F - a +4 ring of slaying (right hand)
 G - a ring of willpower
 U - a +4 ring of evasion
Wands
 w - a wand of charming (15)
 J - a wand of paralysis (1)
 P - a wand of iceblast (4)
 S - a wand of polymorph (12)
 W - a wand of mindburst (8)
Scrolls
 c - 6 scrolls of teleportation {unknown}
 d - a scroll of silence {unknown}
 g - 8 scrolls of identify {unknown}
 l - 2 scrolls of torment {unknown}
 q - 6 scrolls of blinking {unknown}
 r - 4 scrolls of magic mapping {unknown}
 s - a scroll of vulnerability {unknown}
 v - 4 scrolls of fog {unknown}
 E - a scroll of brand weapon {unknown}
 H - a scroll of fear {unknown}
 I - a scroll of amnesia {unknown}
 K - a scroll of immolation {unknown}
 L - a scroll of holy word {unknown}
 M - a scroll of enchant weapon {unknown}
 T - a scroll of noise {unknown}
Potions
 h - 4 potions of degeneration {unknown}
 j - 2 potions of lignification {unknown}
 n - a potion of cancellation {unknown}
 p - 6 potions of attraction {unknown}
 u - a potion of resistance {unknown}
 z - a potion of flight {unknown}
 A - a potion of berserk rage {unknown}
 B - a potion of invisibility {unknown}
 C - 4 potions of curing {unknown}
 D - 2 potions of might {unknown}
 O - a potion of brilliance {unknown}
 R - 3 potions of haste {unknown}
 V - 2 potions of mutation {unknown}


   Skills:
 + Level 15.8 Fighting
 - Level 16.0 Axes
 - Level 2.4 Armour
 - Level 2.1 Dodging


You had 10 spell levels left.
You didn't know any spells.
Your spell library was empty.

Dungeon Overview and Level Annotations

Branches:
Dungeon (11/15)            Temple (0/1) D:4            Lair (0/6) D:9
    Orc (0/2) D:10

Altars:
Ashenzari
Cheibriados
Dithmenos
Fedhas
Kikubaaqudgha
Ru
Yredelemnul
Zin


Innate Abilities, Weirdness & Mutations

You have a pair of horns on your head.
You reflexively headbutt those who attack you in melee.


Message History

You are too injured to fight recklessly!
Unknown command.
You are too injured to fight recklessly!
Unknown command.
You are too injured to fight recklessly!
Unknown command.
You are too injured to fight recklessly!
You slice one of the six-headed hydra's heads off!
The five-headed hydra grows two more!
You slash the seven-headed hydra!
Your headbutt misses the seven-headed hydra.
The seven-headed hydra is heavily wounded.
You are too injured to fight recklessly!
You slice one of the seven-headed hydra's heads off!
The six-headed hydra grows two more!
You hit the eight-headed hydra. You headbutt the eight-headed hydra!
The eight-headed hydra is severely wounded.
The eight-headed hydra closely misses you.
The eight-headed hydra bites you! x3
* * * LOW HITPOINT WARNING * * *
The eight-headed hydra closely misses you.
The eight-headed hydra bites you!
* * * LOW HITPOINT WARNING * * *
The eight-headed hydra bites you!
* * * LOW HITPOINT WARNING * * *
The eight-headed hydra bites you but does no damage.
You slice one of the eight-headed hydra's heads off!
The seven-headed hydra grows two more!
You hit the nine-headed hydra.
The nine-headed hydra is severely wounded.
You are too injured to fight recklessly!
Unknown command.
You barely miss the nine-headed hydra. You headbutt the nine-headed hydra!
The nine-headed hydra is severely wounded.
The nine-headed hydra bites you but does no damage. x3
The nine-headed hydra barely misses you.
The nine-headed hydra bites you.
* * * LOW HITPOINT WARNING * * *
The nine-headed hydra bites you.
* * * LOW HITPOINT WARNING * * *
The nine-headed hydra bites you.
You die...

.....# #####.##
.....# #.# .....#
#######.# ....##
#.....#.## ....#
##.....#..# . ...##
#.........# ... ..#
##.......#.# #....
#.#
#........#.##......
##
##.)......#.@D.(((.(
#.........#.........
#........##.........
#.......###.........
#.....### #.###...?.
####### ..# .....
.## .... #. ....


You could see a nine-headed hydra.

Vanquished Creatures
  A boulder beetle (D:9)
  A two-headed ogre (D:10)
  A centaur warrior (D:10)
  Joseph (D:8)
  A gargoyle (D:10)
  An unseen horror (D:11)
  The ghost of Yorgos the Slasher, a novice DjGl of Okawaru (D:8)
  2 komodo dragons
  A troll (D:10)
  Grinder (D:4)
  8 yaks
  2 wyverns (D:10)
  A vampire (D:9)
  A steam dragon (D:6)
  6 vampire mosquitoes (D:10)
  4 wargs (D:10)
  An acid dragon (D:9)
  3 water moccasins
  An orc warrior (D:9)
  3 sky beasts
  2 black bears (D:6)
  6 ogres
  A centaur (D:7)
  A phantom (D:7)
  4 kobold brigands
  A bullfrog (D:8)
  A gnoll sergeant (D:7)
  2 scorpions
  A water moccasin zombie (D:7)
  3 wights (D:8)
  18 killer bees
  A howler monkey (D:5)
  5 centaur zombies
  A jelly (D:4)
  An orc priest (D:8)
  6 hounds
  3 centaur skeletons
  4 iguanas
  2 killer bee zombies (D:7)
  A howler monkey zombie (D:8)
  4 gnolls
  12 adders
  A white imp (D:6)
  An ufetubus (D:3)
  An adder skeleton (D:4)
  2 adder zombies
  2 worms
  4 dart slugs
  15 orcs
  12 ball pythons
  9 endoplasms
  4 giant cockroaches
  6 goblins
  7 hobgoblins
  10 jackals
  25 kobolds
  7 quokkas
  10 bats
  A frilled lizard (D:1)
  7 rats
245 creatures vanquished.

Vanquished Creatures (collateral kills)
  A two-headed ogre (D:9)
  A yak (D:9)
  A hornet zombie (D:9)
3 creatures vanquished.

Vanquished Creatures (others)
  9 plants
  4 withered plants (D:8)
13 creatures vanquished.

Grand Total: 261 creatures vanquished

Notes
Turn   | Place    | Note
-------+----------+-------------------------------------------
     0 | D:1      | septik the Minotaur Berserker began the quest for the Orb.
     0 | D:1      | Reached XP level 1. HP: 19/19 MP: 0/0
   177 | D:1      | Reached skill level 4 in Axes
   217 | D:1      | Found a faded altar of an unknown god.
   232 | D:1      | Reached XP level 2. HP: 26/26 MP: 1/1
   457 | D:1      | Reached skill level 5 in Axes
   514 | D:1      | Reached XP level 3. HP: 30/31 MP: 2/2
   558 | D:1      | Reached ** piety under Trog
  1742 | D:3      | Reached XP level 4. HP: 39/39 MP: 3/3
  1743 | D:3      | Reached skill level 6 in Axes
  1986 | D:3      | Found a broken altar of Ashenzari.
  2437 | D:3      | Noticed an ogre
  2441 | D:3      | Killed an ogre
  2442 | D:3      | Reached skill level 7 in Axes
  2442 | D:3      | Reached XP level 5. HP: 45/45 MP: 4/4
  2728 | D:3      | Reached *** piety under Trog
  2740 | D:3      | Reached skill level 8 in Axes
  2740 | D:3      | Reached XP level 6. HP: 51/51 MP: 5/5
  2826 | D:4      | Noticed Grinder
  2827 | D:4      | Reached skill level 9 in Axes
  2832 | D:4      | Killed Grinder
  2833 | D:4      | Reached XP level 7. HP: 57/57 MP: 6/6
  2953 | D:4      | Reached skill level 10 in Axes
  3225 | D:4      | Found a shadowy altar of Dithmenos.
  3328 | D:4      | Reached skill level 11 in Axes
  3629 | D:4      | Found a sacrificial altar of Ru.
  3728 | D:4      | Reached XP level 8. HP: 59/64 MP: 7/7
  3785 | D:4      | Found a staircase to the Ecumenical Temple.
  3906 | D:5      | Entered Level 5 of the Dungeon
  3951 | D:5      | Reached skill level 12 in Axes
  3966 | D:5      | Reached **** piety under Trog
  4294 | D:5      | Found an ancient bone altar of Kikubaaqudgha.
  4483 | D:5      | Reached skill level 13 in Axes
  5196 | D:6      | Reached skill level 14 in Axes
  5229 | D:6      | Reached XP level 9. HP: 70/70 MP: 8/8
  6087 | D:7      | Noticed a komodo dragon
  6096 | D:7      | Killed a komodo dragon
  6097 | D:7      | Reached skill level 15 in Axes
  6826 | D:8      | Reached skill level 16 in Axes
  6965 | D:8      | Noticed Joseph
  6977 | D:8      | Killed Joseph
  7047 | D:8      | Reached XP level 10. HP: 86/86 MP: 9/9
  7154 | D:8      | Found a basalt altar of Yredelemnul.
  7645 | D:8      | Found a large runed translucent door.
  7645 | D:8      | Found a large runed translucent door.
  7647 | D:8      | Noticed Yorgos's ghost (novice DjGl)
  7721 | D:8      | Killed Yorgos's ghost
  7787 | D:9      | Noticed a two-headed ogre
  7793 | D:9      | Killed a two-headed ogre
  7799 | D:9      | Reached skill level 10 in Fighting
  8204 | D:9      | Noticed a boulder beetle
  8232 | D:9      | Killed a boulder beetle
  8467 | D:9      | Found a snail-covered altar of Cheibriados.
  8562 | D:9      | Found a staircase to the Lair.
  8788 | D:10     | Entered Level 10 of the Dungeon
  8828 | D:10     | Found a staircase to the Orcish Mines.
  8836 | D:10     | Reached XP level 11. HP: 107/107 MP: 10/10
  9084 | D:10     | Found a glowing silver altar of Zin.
  9591 | D:10     | Noticed a centaur warrior
  9600 | D:10     | Killed a centaur warrior
  9601 | D:10     | Reached skill level 15 in Fighting
 10019 | D:10     | Noticed a two-headed ogre
 10026 | D:10     | Killed a two-headed ogre
 10150 | D:10     | Found a blossoming altar of Fedhas.
 10528 | D:11     | Noticed a four-headed hydra
 10543 | D:11     | HP: 3/114 [eight-headed hydra (13)]
 10545 | D:11     | HP: 1/114 [nine-headed hydra (2)]
 10545 | D:11     | Slain by a nine-headed hydra

Illustrated notes

Levels and vault maps discovered:
D:1:      dpeg_arrival_water_fire, layout_basic,
          dreamdust_ecumenical_altar_statues
D:2:      layout_loops_ring
D:3:      layout_loops_ring, nicolae_ashenzari_panopticon, st_stairs_9,
          glass_columns_a, serial_bayou_pond_b, minmay_splitting_lines,
          minmay_joined_circles
D:4:      minmay_octagon_keep, layout_cave_pools, lemuel_round_altar,
          nicolae_ru_awakened_eye, minmay_temple_entry_overgrown,
          kennysheep_donut, uniq_grinder
D:5:      layout_basic, mainiacjoe_overflow_24_doors, hex_intersection,
          st_stairs_1, glass_columns_a
D:6:      layout_rooms
D:7:      layout_rooms
D:8:      layout_rooms, yredelemnul_altar_generic, ebering_ghost_disaster_area,
          eino_jars, uniq_joseph
D:9:      layout_cross, kennysheep_slug_shrine, david_lair_shrubbed
D:10:     layout_irregular_city, zin_scriptorium, fedhas_altar_4,
          minmay_orc_entry_guard_dogs, minivault_23, minivault_24,
          kennysheep_generic_room_6
D:11:     layout_cave_pods, gammafunk_ghost_cemetery,
          hangedman_abyss_or_decor_passed, uniq_josephine

Skill      XL: |  1  2  3  4  5  6  7  8  9 10 11 |
---------------+----------------------------------+-----
Axes           | 4 5 7 8 9 11 14 16 | 16.0
Fighting       | 7 13 15 | 15.8
Armour         | |  2.4
Dodging        | |  2.1

Action                   |  1- 3 |  4- 6 |  7- 9 | 10-12 || total
-------------------------+-------+-------+-------+-------++-------
Melee: Hand axe          |    54 |    33 |   250 |   243 ||   580
       Headbutt          |     5 |    19 |    55 |    64 ||   143
       War axe           |    16 |    49 |       |       ||    65
 Fire: Hunting sling     |       |       |     1 |     7 ||     8
Invok: Berserk           |     3 |     4 |     8 |     7 ||    22
       Trog's Hand       |       |     1 |     1 |     1 ||     3
       Brothers in Arms  |       |       |     1 |     2 ||     3
 Stab: Sleeping          |     1 |       |       |       ||     1
Armor: Ring mail         |    24 |     1 |       |       ||    25
       Scale mail        |       |    35 |    58 |       ||    93
       Plate armour      |       |       |    42 |   159 ||   201
Dodge: Dodged            |    42 |    52 |    87 |    80 ||   261

Table legend: (Time is in decaauts)
 A = Elapsed time spent in this place.
 B = Non-inter-level travel time spent in this place.
 C = Inter-level travel time spent in this place.
 D = Time resting spent in this place.
 E = Time spent auto-exploring this place.
 F = Levels seen in this place.
 G = Mean time per level.
                   A        B        C        D        E       F      G
               +--------+--------+--------+--------+--------+-----+--------+
         Total |  10574 |  10183 |    391 |   1199 |   7358 |  11 |  961.3 |
       Dungeon |  10574 |  10183 |    391 |   1199 |   7358 |  11 |  961.3 |
               +--------+--------+--------+--------+--------+-----+--------+

Top non-repeatable levels by time:
    D:10: 1556 daAuts
     D:3: 1385 daAuts
     D:5: 1150 daAuts
     D:1: 1068 daAuts
     D:8: 1049 daAuts
     D:9: 973 daAuts
     D:6: 962 daAuts
     D:4: 887 daAuts
     D:7: 687 daAuts
     D:2: 648 daAuts
    D:11: 204 daAuts
